 Dungeon Crawl Stone Soup version 0.22-a0-619-ga0c6fd2 (webtiles) character file.

204 tilp the Chiller (level 5, 0/35 HPs)
             Began as a Merfolk Ice Elementalist on July 13, 2018.
             Slain by Grinder (4 damage)
             ... while paralysed by Grinder
             ... on level 3 of the Dungeon on July 14, 2018.
             The game lasted 00:11:09 (4343 turns).

tilp the Chiller (Merfolk Ice Elementalist)         Turns: 4343, Time: 00:11:10

Health: 0/35       AC:  2    Str:  9    XL:     5   Next: 82%
Magic:  5/8        EV:  2    Int: 15    God:
Gold:   125        SH:  0    Dex: 14    Spells: 2/8 levels left

rFire    . . .     SeeInvis .   c - +1 dagger (venom)
rCold    . . .     Gourm    .   (no shield)
rNeg     . . .     Faith    .   a - +0 robe
rPois    .         Spirit   .   (no helmet)
rElec    .         Reflect  .   (no cloak)
rCorr    .         Harm     .   (no gloves)
MR       .....                  (no boots)
Stlth    ++........             (no amulet)
HPRegen  0.11/turn              (no ring)
MPRegen  0.11/turn              (no ring)

@: paralysed
A: change form in water, swift swim, stealthy swim
a: no special abilities


You were on level 3 of the Dungeon.
You were not hungry.

You visited 1 branch of the dungeon, and saw 3 of its levels.

You collected 125 gold pieces.

Inventory:

Hand Weapons
 c - a +1 dagger of venom (weapon)
 h - a +0 hunting sling
 i - a +0 vampiric dagger
 m - a +0 spear
Missiles
 b - 72 stones (quivered)
Armour
 a - a +0 robe (worn)
Jewellery
 d - an uncursed ring of fire {unknown}
 j - a cursed -3 ring of strength {unknown}
Scrolls
 e - a scroll of identify {unknown}
 g - a scroll of amnesia
Potions
 l - 2 potions of mutation {unknown}
 n - a potion of agility
Comestibles
 k - a ration


   Skills:
 - Level 2.6 Dodging
 - Level 2.1 Stealth
 - Level 2.0 Spellcasting
 - Level 0.7 Conjurations
 + Level 6.9 Ice Magic


You had 2 spell levels left.
You knew the following spells:

 Your Spells              Type           Power        Failure   Level  Hunger
a - Freeze                Ice            ###.         1%          1    #......
b - Throw Frost           Conj/Ice       ##....       7%          2    ###....
c - Ozocubu's Armour      Chrm/Ice       ##......     16%         3    ###....

Your spell library contained the following spells:

 Spells                   Type           Power        Failure   Level  Hunger
 Summon Ice Beast         Ice/Summ       ##......     47%         4    #####..
 Throw Icicle             Conj/Ice       ##......     41%         4    #####..


Dungeon Overview and Level Annotations

Branches:
Dungeon (3/15)

Altars:

Annotations:
D:3 Grinder


Message History

Press: ? - help, Shift-Dir - straight line, f/p - Grinder
Aim: Grinder (lightly wounded)
You freeze Grinder.
Grinder resists.
Grinder is lightly wounded.
Grinder gestures at you. Pain shoots through your body!
Casting: Freeze (safe; 1% risk of failure)
Confirm with . or Enter, or press ? or * to list all spells.
Aiming: Freeze (safe; 1% risk of failure)
Press: ? - help, Shift-Dir - straight line, f/p - Grinder
Aim: Grinder (lightly wounded)
You freeze Grinder.
Grinder resists.
Grinder is lightly wounded.
The goblin hits you with a dagger. Grinder gestures at you.
You suddenly lose the ability to move!
The goblin hits you with a dagger. Grinder hits you!
* * * LOW HITPOINT WARNING * * *
You writhe in agony.
You die...

..(.# #..# #.#######
.##.#####.###.......#
..#.g.....##........#
..#######....#......#
..##### #.#..#......#
.#....# #...........#
.#....####.###......#
...............5....#
.5g...##.....#.g@...#
..<...##.....########
.############# ## #


You could see Grinder and a goblin.

Vanquished Creatures
  Natasha (thrice) (D:2)
  5 adders
  2 oozes
  A worm (D:1)
  2 dart slugs (D:1)
  4 leopard geckos
  A ball python (D:2)
  3 giant cockroaches
  11 goblins
  10 hobgoblins
  4 jackals
  2 quokkas
  5 bats
  4 frilled lizards (D:1)
  5 kobolds
  7 rats
69 creatures vanquished.

Notes
Turn   | Place    | Note
-------+----------+-------------------------------------------
     0 | D:1      | tilp the Merfolk Ice Elementalist began the quest for the Orb.
     0 | D:1      | Reached XP level 1. HP: 13/13 MP: 3/3
   255 | D:1      | Reached XP level 2. HP: 13/19 MP: 3/5
   266 | D:1      | Learned a level 2 spell: Throw Frost
   367 | D:1      | Reached skill level 4 in Ice Magic
   964 | D:1      | Reached XP level 3. HP: 24/24 MP: 4/6
  1565 | D:1      | Learned a level 3 spell: Ozocubu's Armour
  1725 | D:1      | Reached skill level 5 in Ice Magic
  2585 | D:2      | Upgraded the game from 0.22-a0-618-gd6a3efe to 0.22-a0-619-ga0c6fd2
  2653 | D:2      | Reached XP level 4. HP: 24/30 MP: 4/7
  2905 | D:2      | Noticed Natasha
  3268 | D:2      | Reached skill level 6 in Ice Magic
  3344 | D:2      | Killed Natasha
  3344 | D:2      | Reached XP level 5. HP: 27/35 MP: 2/8
  3497 | D:2      | Noticed Natasha
  3505 | D:2      | Killed Natasha
  3647 | D:2      | Noticed Natasha
  3651 | D:2      | Killed Natasha
  3670 | D:3      | Noticed Grinder
  4012 | D:3      | Paralysed by Grinder for 3 turns
  4342 | D:3      | Paralysed by Grinder for 7 turns
  4343 | D:3      | Slain by Grinder

Vault maps used:
D:1:      dpeg_arrival_lava_temple_mockup
D:2:      cheibrodos_old_hovel, uniq_natasha
D:3:      serial_bayou_lagoon_a, uniq_grinder

Skill      XL: |  1  2  3  4 |
---------------+-------------+-----
Ice Magic      | 4 5 6 |  6.9
Dodging        | |  2.6
Stealth        | |  2.1
Spellcasting   | |  2.0
Conjurations   | |  0.7

Action                   |  1- 3 |  4- 6 || total
-------------------------+-------+-------++-------
Melee: Dagger            |    51 |    11 ||    62
Throw: Stone             |     7 |       ||     7
 Cast: Freeze            |    47 |    46 ||    93
       Ozocubu's Armour  |     4 |     1 ||     5
       Throw Frost       |     2 |     1 ||     3
  Use: Scroll            |       |     3 ||     3
 Stab: Sleeping          |     2 |     4 ||     6
  Eat: Chunk             |     4 |     6 ||    10
       Ration            |     1 |       ||     1
Armor: Robe              |    12 |     3 ||    15
Dodge: Dodged            |    55 |    25 ||    80

Table legend:
 A = Spawn XP
 B = Non-spawn XP
 C = Spawn XP percentage of total XP
 D = Spawn monster count
 E = Non-spawn monster count
 F = Spawn count percentage of total count
 G = Total turns spent on level
                    A         B        C        D         E        F      G
               +---------+---------+-------+---------+---------+-------+---------
         Total |       0 |     292 |   0.0 |       0 |      69 |   0.0 |  4343
               +---------+---------+-------+---------+---------+-------+---------
           D:1 |       0 |      68 |   0.0 |       0 |      34 |   0.0 |  2367
           D:2 |       0 |     198 |   0.0 |       0 |      30 |   0.0 |  1692
           D:3 |       0 |      26 |   0.0 |       0 |       5 |   0.0 |   284
               +---------+---------+-------+---------+---------+-------+---------
